Description

A fairly standard opening that transitions into a high raven count in response to a mech opponent.

Replay - IlllIIlllII v Sarrel - Nightshade LE

Build Order

Get SALT Encoding   

  12  0:01  SCV  
  13  0:13  SCV  
  14  0:18  Supply Depot  
  14  0:25  SCV  
  15  0:39  SCV  
  15  0:40  Barracks  
  16  0:45  Refinery  
  16  0:51  SCV  
  17  1:03  SCV  
  18  1:16  SCV  
  19  1:27  Reaper  
  19  1:28  Orbital Command  
  20  1:39  Command Center  
  20  1:49  Supply Depot  
  20  1:53  SCV  
  21  1:59  Marine  
  22  2:05  SCV  
  23  2:08  Factory  
  23  2:14  Refinery  
  23  2:18  SCV  
  23  2:21  Barracks Reactor  
  24  2:26  Bunker  
  26  2:51  Orbital Command  
  26  2:53  Hellion  
  26  2:58  Starport  
  29  2:59  Marine x2  
  32  3:15  Factory Tech Lab  
  32  3:17  Marine x2  
  35  3:26  Refinery  
  38  3:35  Marine x2, Supply Depot  
  41  3:41  Factory Tech Lab, Raven  
  44  3:49  Supply Depot  
  44  3:53  Marine x2  
  46  4:01  Siege Tank  
  52  4:11  Marine  
  52  4:12  Supply Depot  
  56  4:24  Raven  
  60  4:37  Command Center  
  61  4:40  Siege Tank  
  64  4:51  Refinery  
  69  5:07  Raven  
  74  5:15  Siege Tank  
  82  5:36  Engineering Bay x2  
  84  5:48  Siege Tank  
  88  5:57  Viking x2  
  88  5:58  Barracks x2  
  93  6:07  Terran Infantry Weapons Level 1, Terran Infantry Armor Level 1  
  93  6:10  Stimpack  
  97  6:18  Orbital Command  
  97  6:20  Refinery x2  
  98  6:26  Siege Tank  
  100  6:38  Viking x2  
  102  7:01  Siege Tank  
  91  7:08  Viking x2  
  90  7:12  Barracks Reactor x2  
  90  7:33  Siege Tank  
  90  7:36  Barracks x2  
  94  7:40  Armory  
  94  7:44  Viking x2  
  98  7:51  Sensor Tower  
  106  8:05  Siege Tank  
  109  8:06  Combat Shield  
  109  8:07  Marauder  
  111  8:13  Missile Turret  
  111  8:18  Command Center  
  111  8:22  Viking x2  
  111  8:25  Barracks Tech Lab x2  
  116  8:29  Terran Infantry Weapons Level 2  
  119  8:35  Terran Infantry Armor Level 2  
  119  8:42  Marauder  
  119  8:46  Missile Turret x2  
  122  8:48  Concussive Shells  
  122  8:49  Marauder  
  125  8:56  Medivac x2  
  131  9:03  Siege Tank, Marauder  
  141  9:10  Marauder x2  
  143  9:25  Marauder  
  143  9:26  Medivac x2  
  152  9:31  Marauder  
  152  9:37  Marauder  
  153  9:39  Command Center  
  157  9:46  Marauder  
  157  9:50  Siege Tank  
  166  9:56  Medivac x2  
  167  10:02  Planetary Fortress  
  186  10:44  Medivac x2  
  194  10:50  Missile Turret  
  194  10:52  Starport  
  198  11:01  Starport  
  198  11:12  Command Center  
  198  11:13  Terran Infantry Weapons Level 3  
  198  11:18  Terran Infantry Armor Level 3  
  198  11:25  Planetary Fortress  
  200  11:40  Starport Tech Lab x2  
  200  11:58  Raven  
  200  11:59  Barracks x2  
  199  12:04  Corvid Reactor, Raven  
  199  12:05  Barracks  
  196  12:13  Command Center x2  
  196  12:15  Missile Turret  
  196  12:19  Refinery x2  
  200  12:47  Raven  
  200  12:49  Barracks Tech Lab x2  
  198  12:57  Raven  
  200  12:58  Command Center x2  
  200  13:01  Terran Vehicle And Ship Armor Level 1  
  200  13:02  Starport x2  
  200  13:05  Armory  
  200  13:11  Barracks Tech Lab  
  200  13:16  Sensor Tower x2  
  200  13:20  Orbital Command  
  200  13:22  Sensor Tower  
  200  13:27  Orbital Command  
  200  13:48  Starport Tech Lab  
  200  13:50  Neosteel Armor  
  200  13:54  Terran Ship Weapons Level 1  
  190  13:55  Hi-Sec Auto Tracking  
  190  13:57  Raven x2  
  188  14:15  Orbital Command x2, Refinery x2  
  188  14:16  Starport Tech Lab  
  186  14:21  Command Center  
  189  14:32  Raven  
  196  14:47  Missile Turret  
Spawning Tool Build Advisor. Get it on Overwolf

Analysis

Pushes out with 3 tanks, 3 ravens and 16 marines at 6 minutes. Transitions into ravens.

Massed ravens can disable tanks and thors, which bio can then clean up. Vikings might kill the ravens but trading ~12 ravens for a tank army is very cost efficient.

Go to:

Details

  • Created by: Paridoxical
  • Published on: Jun 11, 2020
  • Modified on: Jun 11, 2020
  • Patch: 4.11.0
  • Difficulty: Hard
Show
View Real Time Build Order
Export as new Build Order

Comments (0)

There are no comments. Be the first!

Create an account to comment!